 Dungeon Crawl Stone Soup version 0.17.1-3-g152610e (webtiles) character file.

89 suchStupidity the Ruffian (level 4, -7/41 HPs)
             Began as a Hill Orc Monk on Mar 1, 2016.
             Was a Believer of Makhleb.
             Killed from afar by an orc wizard (11 damage)
             ... with a puff of flame
             ... on level 3 of the Dungeon.
             The game lasted 00:11:33 (1564 turns).

suchStupidity the Ruffian (Hill Orc Monk)           Turns: 1564, Time: 00:11:33

Health: -7/41      AC:  2    Str: 14    XL:     4   Next: 55%
Magic:  4/4        EV: 13    Int: 10    God:    Makhleb [**....]
Gold:   92         SH:  0    Dex: 15    Spells: 0 memorised, 3 levels left

rFire  . . .     SeeInvis .       - Unarmed
rCold  . . .     Clarity  .     a - +0 robe
rNeg   . . .     SustAt   .     (no shield)
rPois  +         Gourm    .     (no helmet)
rElec  .         Spirit   .     (no cloak)
rCorr  .         Warding  .     (no gloves)
rMut   .         Stasis   .     (no boots)
MR     .....                    (no amulet)
Stlth  ++........               q - ring of poison resistance
                                h - +2 ring of dexterity

@: not resistant to hostile enchantments, unstealthy
A: no striking features
a: Minor Destruction, Renounce Religion, Convert to Beogh


You were on level 3 of the Dungeon.
You worshipped Makhleb.
Makhleb was pleased with you.
You were not hungry.

You visited 1 branch of the dungeon, and saw 3 of its levels.

You collected 92 gold pieces.

Inventory:

Hand Weapons
 c - a +0 flail
 s - a +0 hand axe of chopping
Armour
 a - a +0 robe (worn)
 d - a +0 chain mail
Jewellery
 h - a +2 ring of dexterity (left hand)
 q - a ring of poison resistance (right hand)
Scrolls
 f - a scroll of amnesia {unknown}
 g - a scroll of identify {unknown}
 i - 2 scrolls of random uselessness {unknown}
 j - a scroll of enchant weapon {unknown}
 k - a scroll of recharging {unknown}
 l - a scroll of fog {unknown}
 m - a scroll of teleportation {unknown}
 r - a scroll of blinking {unknown}
Potions
 e - a potion of ambrosia
 n - a potion of brilliance {unknown}
Comestibles
 b - 4 bread rations
 p - 2 slices of pizza


   Skills:
 + Level 4.4 Fighting
 + Level 3.2 Dodging
 + Level 1.8 Stealth
 + Level 5.0 Unarmed Combat


You had 3 spell levels left.
You didn't know any spells.

Dungeon Overview and Level Annotations

Branches:
Dungeon (3/15)

Altars:
Makhleb


Message History

The orc wizard convulses in agony!
You feel slightly more hungry. The orc wizard hits you with a dagger.
The orc priest invokes the aid of Beogh against you.
Something smites you!
* * * LOW HITPOINT WARNING * * *
Unknown command.
You closely miss the orc wizard.
The orc wizard is severely wounded.
The orc wizard hits you but does no damage.
The orc priest miscasts a cantrip.
The orc priest shouts, "Beogh is our master!
Accept the truth or die!"
You hit the orc wizard but do no damage.
The orc wizard is severely wounded.
The orc wizard gestures at you while chanting.
The puff of flame misses you.
You closely miss the orc wizard.
The orc wizard is severely wounded.
The orc wizard gestures at you while chanting.
The puff of flame hits you!
You die...

....# ...$ ...# #.
..{# #o .oo# # ###
#. '#r# .# #.. ..
#.#.#o# .# #.######
#.. ...#@#..#
#.>..... #.#.#
#.##.#..# #.####.#
#.#.# #.##....#
#....... #.#.#
#......## #.....8.
#.#.####.........#
#.#..8.8
#.#......#.....###
#.#.8._.
#........#.###.#
#.#..8.8
#.###.........# .#
#.#...8.
#.......#[..#####.#
#.#.....


You could see an orc priest, an orc wizard, an orc and a rat.

Vanquished Creatures
  Terence (D:3)
  An adder (D:3)
  2 oozes
  A worm (D:2)
  A giant gecko (D:1)
  A giant cockroach (D:3)
  8 goblins
  4 hobgoblins
  4 jackals (D:2)
  2 bats
  3 giant newts
  5 kobolds
  2 quokkas (D:2)
  5 rats
40 creatures vanquished.

Notes
Turn   | Place    | Note
--------------------------------------------------------------
     0 | D:1      | suchStupidity the Hill Orc Monk began the quest for the Orb.
     0 | D:1      | Reached XP level 1. HP: 19/19 MP: 1/1
   270 | D:1      | Reached XP level 2. HP: 20/27 MP: 2/2
   557 | D:2      | Reached XP level 3. HP: 22/33 MP: 3/3
  1146 | D:3      | Noticed Terence
  1184 | D:3      | Killed Terence
  1184 | D:3      | Reached XP level 4. HP: 22/41 MP: 4/4
  1198 | D:3      | Found a faded altar to an unknown god.
  1216 | D:3      | Became a worshipper of Makhleb the Destroyer
  1216 | D:3      | Reached * piety under Makhleb
  1216 | D:3      | Reached ** piety under Makhleb
  1487 | D:3      | Reached skill level 5 in Unarmed Combat
  1564 | D:3      | Killed from afar by an orc wizard

Action                   |  1- 3 |  4- 6 || total
-------------------------+-------+-------++-------
Melee: Unarmed           |   137 |    44 ||   181
Invok: Minor Destruction |       |     4 ||     4
  Use: Potion            |     3 |       ||     3
 Stab: Sleeping          |     2 |     1 ||     3
  Eat: Meat ration       |       |     1 ||     1
